 Dungeon Crawl Stone Soup version 0.14-a0-840-g06343e3 (webtiles) character file.

123 4tharraofdagon the Firebug (level 4, -1/24 HPs)
             Began as a Deep Elf Fire Elementalist on Nov 13, 2013.
             Shot themself with a splash of poison (3 damage)
             ... on Level 4 of the Dungeon.
             The game lasted 00:05:15 (765 turns).

4tharraofdagon the Firebug (DEFE)                    Turns: 765, Time: 00:05:15

HP  -1/24        AC  6     Str  5      XL: 4   Next: 10%
MP   6/12        EV 10     Int 26      God:
Gold 49          SH  0     Dex 15      Spells:  2 memorised,  4 levels left

Res.Fire  : . . .   See Invis. : .   o - sausage
Res.Cold  : . . .   Warding    : .   n - +0 orc leather armour
Life Prot.: . . .   Conserve   : .   (no shield)
Res.Poison: .       Res.Corr.  : .   (no helmet)
Res.Elec. : .       Clarity    : .   h - +0 elf cloak
Sust.Abil.: . .     Spirit.Shd : .   j - +1 pair of gauntlets
Res.Mut.  : .       Stasis     : .   (no boots)
Res.Rott. : .       Flight     : .   (no amulet)
Saprovore : . . .                    (no ring)
                                     (no ring)

@: non-regenerating, brilliant, mildly poisoned, badly diseased, slightly
resistant to hostile enchantments, stealthy
A: spit poison 1
a: Spit Poison


You were on level 4 of the Dungeon.
You were not hungry.

You visited 1 branch of the dungeon, and saw 4 of its levels.

You collected 49 gold pieces.

Inventory:

Hand weapons
 d - a +1,+0 elven spear
 f - a +0,+1 dagger of electrocution
 k - a +2,+2 dagger of venom
Armour
 a - a +0 elven robe
 h - a +0 elven cloak (worn)
 j - a +1 pair of gauntlets (worn)
 n - a +0 orcish leather armour (worn)
Comestibles
 c - 2 bread rations
 l - an orange
 o - a sausage (in hand)
 q - a chunk of giant newt flesh
Scrolls
 e - a scroll of random uselessness {unknown}
 g - 2 scrolls of amnesia {unknown}
 m - a scroll of remove curse {unknown}
 s - a scroll of curse armour {unknown}
Books
 b - a book of Flames

   Spells                             Type                      Level
   *Flame Tongue                      Conjuration/Fire             1
   Throw Flame                        Conjuration/Fire             2
   *Conjure Flame                     Conjuration/Fire             3
   Inner Flame                        Hexes/Fire                   3
   Sticky Flame                       Conjuration/Fire             4
   Fireball                           Conjuration/Fire             5


   Skills:
 - Level 2.4 Dodging
 - Level 2.4 Stealth
 + Level 2.9 Spellcasting
 * Level 2.9 Conjurations
 * Level 4.1 Fire Magic


You had 4 spell levels left.
You knew the following spells:

 Your Spells              Type           Power        Failure   Level  Hunger
a - Flame Tongue          Conj/Fire      #####        1%          1    None
b - Conjure Flame         Conj/Fire      #####...     1%          3    ###....


Dungeon Overview and Level Annotations

Branches:
Dungeon (4/16)
 Temple: D:4-7

Altars:

Annotations:
D:3 exclusion: centaur


Innate Abilities, Weirdness & Mutations

You can spit poison.


Message History

Drink which item? (? for menu, Esc to quit)
You feel more clever all of a sudden.
It was a potion of brilliance.
Drink which item? (? for menu, Esc to quit)
There is a nasty taste in your mouth for a moment.
You feel fantastic!
It was a potion of beneficial mutation.
* * * LOW HITPOINT WARNING * * *
You feel sick.
Drink which item? (? for menu, Esc to quit)
Yuck - this tastes like blood.
You feel ill.
It was a potion of blood.
Enter note: nice Unknown command.
Use which ability? (? or * to list)
Okay, then.
Use which ability? (? or * to list)
Press: ? - help, Shift-Dir - straight line, f - you Really target yourself?
The splash of poison hits you!
You are more poisoned.
You die...

#.# #.# ##+## #.#
##...## #.#
##.....## ##.#
##.......## ##...
#.........####...#
+.........'.......
#@........####...#
##.......## ##.##
##.....## ####
##...## . ##+## #
# . #


There were no monsters in sight!

Vanquished Creatures
  A scorpion (D:4)
  3 adders
  4 orcs
  2 giant cockroaches
  3 goblins
  2 hobgoblins
  2 bats
  2 giant newts
19 creatures vanquished.

Notes
Turn   | Place    | Note
--------------------------------------------------------------
     0 | D:1      | 4tharraofdagon, the Deep Elf Fire Elementalist, began the quest for the Orb.
     0 | D:1      | Reached XP level 1. HP: 10/10 MP: 4/4
   100 | D:2      | Reached XP level 2. HP: 13/15 MP: 3/7
   352 | D:3      | Noticed a centaur
   382 | D:3      | Reached skill level 4 in Fire Magic
   382 | D:3      | Reached XP level 3. HP: 10/19 MP: 3/9
   387 | D:3      | Learned a level 3 spell: Conjure Flame
   558 | D:3      | 4tharraofdagon: centaur
   558 | D:3      | 4tharraofdagon: on d:3
   727 | D:4      | Reached XP level 4. HP: 15/24 MP: 0/12
   763 | D:4      | Gained mutation: You can spit poison. [potion of beneficial mutation]
   765 | D:4      | nice
   765 | D:4      | timbw: so typical
   765 | D:4      | Shot themself with a splash of poison

Action                   |  1- 3 |  4- 6 || total
-------------------------+-------+-------++-------
Melee: Dagger            |    32 |       ||    32
       Spear             |     3 |       ||     3
 Cast: Flame Tongue      |    29 |       ||    29
       Conjure Flame     |     2 |       ||     2
  Use: Potion            |     2 |     3 ||     5
